 Dungeon Crawl Stone Soup version 0.26-a0-651-gb41185065b (webtiles) character file.

Game seed: 8043854792062455889

3145 kae the Grappler (level 9, -2/105 HPs)
             Began as a Naga Transmuter on Oct 30, 2020.
             Was a Follower of Cheibriados.
             Slain by an orc warrior
             ... wielding a +0 dire flail
              (6 damage)
             ... on level 8 of the Dungeon.
             The game lasted 00:09:13 (9545 turns).

kae the Grappler (Naga Transmuter)                  Turns: 9545, Time: 00:09:14

Health: -2/105     AC: 24    Str: 18    XL:     9   Next: 93%
Magic:  11/12      EV:  1    Int: 17    God:    Cheibriados [*.....]
Gold:   362        SH:  0    Dex: 15    Spells: 3/12 levels left

rFire    . . .     SeeInvis +     - Unarmed
rCold    . . .     Faith    .   (no shield)
rNeg     + + +     Spirit   .   (armour currently unavailable)
rPois    +         Reflect  .   (helmet currently unavailable)
rElec    .         Harm     .   (cloak currently unavailable)
rCorr    .         Rampage  .   (gloves currently unavailable)
MR       +....     NoTele   +   (no barding)
Stlth    +.........             a - amulet of the acrobat
HPRegen  0.27/turn              j - ring of wizardry (curse)
MPRegen  0.13/turn              (no ring)

@: lethally poisoned (-2 -> -3), tree-form, studying Slings, very slow
A: large, see invisible, spit poison 1, AC +3
a: Spit Poison, Bend Time, Renounce Religion


You were on level 8 of the Dungeon.
You worshipped Cheibriados.
Cheibriados was aware of your devotion.
You were a tree.
You visited 1 branch of the dungeon, and saw 8 of its levels.

You collected 362 gold pieces.

Inventory:

Armour
 b - a +2 pair of gloves (melded)
 c - a +0 robe of positive energy (melded)
 k - a +0 cloak (melded)
Jewellery
 a - an amulet of the acrobat (around neck)
 j - a cursed ring of wizardry (left branch)
Wands
 e - a wand of digging (5)
 f - a wand of iceblast (14)
 s - a wand of flame (12)
 v - a wand of disintegration (7)
Scrolls
 i - 4 scrolls of remove curse
 l - a scroll of identify
 n - a scroll of magic mapping
 t - 2 scrolls of enchant weapon
Potions
 d - 3 potions of might
 g - 2 potions of degeneration
 m - a potion of flight
 o - a potion of haste
 q - 2 potions of berserk rage
 r - 2 potions of stabbing
 u - a potion of cancellation {unknown}
 w - a potion of lignification
Books
 p - a manual of Slings


   Skills:
 - Level 1.0 Fighting
 - Level 1.5 Dodging
 + Level 10.0 Unarmed Combat
 - Level 2.0 Spellcasting
 + Level 9.8 Transmutations


You had 3 spell levels left.
You knew the following spells:

 Your Spells              Type           Power        Failure   Level
a - Beastly Appendage     Tmut           #####.       1%          1
b - Spider Form           Tmut/Pois      ###.......   3%          3
c - Blade Hands           Tmut           #####.....   4%          5

Your spell library contained the following spells:

 Spells                   Type           Power        Failure   Level
 Wereblood                Tmut           #####...     1%          2
 Ice Form                 Ice/Tmut       ###.....     11%         4


Dungeon Overview and Level Annotations

Branches:
Dungeon (8/15)             Temple (0/1) D:7
   Lair: D:8-11

Altars:
Cheibriados
Dithmenos
Ru

Shops:
D:7 [


Innate Abilities, Weirdness & Mutations

You cannot wear boots.
((Your serpentine skin is tough. (AC +3)))
You have supernaturally acute eyesight. (SInv)
((Armour fits poorly on your strangely shaped body.))
((Your system is resistant to poisons. (rPois)))
((You cover ground very slowly.))
You can spit poison.


Message History

The bullfrog hits you but does no damage.
The quokka bites you but does no damage.
The orc wizard casts a spell.
The orc wizard flickers and vanishes for a moment.
The killer bee stings you but does no damage. x2
The orc warrior hits you but does no damage.
The killer bee stings you but does no damage.
The orc hits you but does no damage.
The bullfrog hits you but does no damage.
You pummel the killer bee!!
You kill the killer bee!
Cheibriados thoroughly appreciates the change of pace.
You feel sick.
The killer bee stings you but does no damage. x2
The quokka bites you but does no damage.
The bullfrog hits you but does no damage.
The killer bee stings you but does no damage.
The orc hits you but does no damage.
The orc warrior hits you with a +0 dire flail.
You die...

..... .... .
...#######..
#...........
#...........
#...oo......
#..ryoo.....
#####..o♣FJ.....
###
#........y##+#..
..#######.........#
..................#
..................#
.........##'#.....#
..†......#..#.....#
..########..#.....#
..#.....'...#.....#


You could see an orc warrior, a bullfrog, a jelly, 2 killer bees, 2 orc wizards,
2 orcs and a quokka.

Vanquished Creatures
  A two-headed ogre (D:8)
  A vampire mosquito (D:7)
  Edmund (D:4)
  An orc warrior (D:7)
  Purgy (D:2)
  3 ice beasts
  A sky beast (D:5)
  2 centaurs (D:5)
  5 ogres
  4 scorpions
  2 killer bees (D:8)
  A jelly (D:6)
  A centaur skeleton (D:7)
  A hound (D:4)
  An orc priest (D:4)
  8 orc wizards
  5 iguanas
  Ijyb (D:3)
  5 worker ants
  A hound skeleton (D:7)
  A howler monkey zombie (D:6)
  8 adders
  2 white imps
  2 ufetubi
  An adder zombie (D:7)
  2 worms
  3 dart slugs
  5 leopard geckos
  22 orcs
  8 bats
  4 giant cockroaches
  9 goblins
  4 hobgoblins
  6 jackals
  2 quokkas (D:2)
  4 ball pythons
  3 frilled lizards
  A jackal skeleton (D:5)
  A jackal zombie (D:5)
  10 kobolds
  A quokka zombie (D:7)
  5 rats
150 creatures vanquished.

Notes
Turn   | Place    | Note
-------+----------+-------------------------------------------
     0 | D:1      | kae the Naga Transmuter began the quest for the Orb.
     0 | D:1      | Reached XP level 1. HP: 18/18 MP: 3/3
   257 | D:1      | Reached XP level 2. HP: 10/25 MP: 3/5
  1557 | D:2      | Reached XP level 3. HP: 29/31 MP: 4/6
  2006 | D:2      | Learned a level 3 spell: Spider Form
  2030 | D:2      | Found a shadowy altar of Dithmenos.
  2259 | D:2      | Reached skill level 4 in Unarmed Combat
  2259 | D:2      | Reached XP level 4. HP: 20/38 MP: 7/7
  2524 | D:2      | Found a shadowy altar of Dithmenos.
  2987 | D:3      | You fall into a shaft and drop 1 floor!
  3030 | D:4      | Noticed Edmund
  3053 | D:4      | Killed Edmund
  3053 | D:4      | Reached XP level 5. HP: 25/44 MP: 8/8
  3190 | D:4      | Found a sacrificial altar of Ru.
  3237 | D:4      | Reached skill level 5 in Unarmed Combat
  3237 | D:4      | Reached XP level 6. HP: 48/51 MP: 9/9
  3664 | D:4      | HP: 3/76 [hound (3)]
  3667 | D:4      | Gained mutation: You occasionally shout uncontrollably at
                  | your foes. [potion of mutation]
  3667 | D:4      | Gained mutation: You evolve. [potion of mutation]
  3669 | D:4      | Reached skill level 5 in Transmutations
  4023 | D:4      | Reached XP level 7. HP: 54/57 MP: 10/10
  4097 | D:4      | Lost mutation: You occasionally shout uncontrollably at
                  | your foes. [evolution]
  4431 | D:4      | Reached skill level 6 in Unarmed Combat
  4537 | D:3      | Noticed Ijyb
  4546 | D:3      | Learned a level 5 spell: Blade Hands
  4582 | D:3      | Noticed Purgy
  4619 | D:2      | Killed Purgy
  5094 | D:3      | Killed Ijyb
  5831 | D:5      | Entered Level 5 of the Dungeon
  5930 | D:5      | Reached skill level 7 in Unarmed Combat
  5930 | D:5      | Reached XP level 8. HP: 39/64 MP: 5/11
  6896 | D:5      | Reached skill level 8 in Unarmed Combat
  7336 | D:6      | Found a snail-covered altar of Cheibriados.
  7344 | D:6      | Reached XP level 9. HP: 48/70 MP: 8/12
  7442 | D:6      | Became a worshipper of Cheibriados the Contemplative
  7508 | D:6      | Lost mutation: You evolve. [end of evolution]
  7821 | D:6      | Found a sacrificial altar of Ru.
  7905 | D:6      | You fall into a shaft and drop 1 floor!
  7905 | D:7      | Found Nuiti's Antique Armour Emporium.
  8032 | D:7      | Reached skill level 9 in Unarmed Combat
  8210 | D:7      | Found a staircase to the Ecumenical Temple.
  8449 | D:7      | Reached * piety under Cheibriados
  8784 | D:7      | HP: 2/70 [orc wizard/magic dart (4)]
  9530 | D:8      | Noticed a two-headed ogre
  9538 | D:8      | Killed a two-headed ogre
  9538 | D:8      | Reached skill level 10 in Unarmed Combat
  9544 | D:8      | HP: 4/105 [killer bee (3)]
  9545 | D:8      | Slain by an orc warrior

Illustrated notes

Levels and vault maps discovered:
D:1:      dpeg_arrival_simpleton_a, layout_basic
D:2:      layout_loops_cross, grunt_dithmenos_smoke_and_mirrors,
          chequers_serial_rivers_micro_e, minmay_hexomino_r4
D:3:      layout_loops_ring, uniq_purgy, uniq_ijyb
D:4:      layout_basic, nicolae_ru_great_annihilating_truth, uniq_edmund
D:5:      minmay_diamond_boxcup, layout_basic, minmay_misc_feat_ornament,
          minmay_manual_mandibuliform
D:6:      layout_loops_ring, nicolae_overflow_crystal_walls, serial_shops, shop,
          cheibriados_altar_1
D:7:      layout_basic, minmay_temple_entry_wispy, serial_shops,
          nicolae_shop_temple_entry_statues_fountains,
          small_statue_intersection, grunt_ministairs_10, minmay_three_doors
D:8:      layout_gridville, gammafunk_temple_overflow_wave,
          minmay_unpleasant_kobolds

Skill      XL: |  1  2  3  4  5  6  7  8  9 |
---------------+----------------------------+-----
Transmutations | 3 4 5 6 8 9 |  9.8
Unarmed Combat | 4 5 7 8 10 | 10.0
Fighting       | |  1.0
Dodging        | |  1.5
Spellcasting   | |  2.0

Action                   |  1- 3 |  4- 6 |  7- 9 || total
-------------------------+-------+-------+-------++-------
Melee: Unarmed           |   106 |    37 |   359 ||   502
       Headbutt          |     8 |     1 |     4 ||    13
       Punch             |     1 |       |     1 ||     2
 Cast: Beastly Appendage |    18 |     6 |    14 ||    38
       Spider Form       |       |       |    35 ||    35
       Blade Hands       |       |       |     1 ||     1
 Abil: Spit Poison       |    14 |    37 |    12 ||    63
  Use: Scroll            |     2 |     2 |     8 ||    12
       Potion            |       |     5 |     7 ||    12
 Stab: Sleeping          |     1 |       |       ||     1
Armor: Robe              |    20 |     8 |    37 ||    65
       Skin              |       |    11 |    77 ||    88
Dodge: Dodged            |    77 |   110 |   334 ||   521

Table legend: (Time is in decaauts)
 A = Elapsed time spent in this place.
 B = Non-inter-level travel time spent in this place.
 C = Inter-level travel time spent in this place.
 D = Time resting spent in this place.
 E = Time spent auto-exploring this place.
 F = Levels seen in this place.
 G = Mean time per level.
                   A        B        C        D        E       F      G
               +--------+--------+--------+--------+--------+-----+--------+
         Total |  11411 |  11081 |    330 |    399 |   9267 |   8 | 1426.4 |
       Dungeon |  11411 |  11081 |    330 |    399 |   9267 |   8 | 1426.4 |
               +--------+--------+--------+--------+--------+-----+--------+

Top non-repeatable levels by time:
     D:7: 2096 daAuts
     D:2: 1857 daAuts
     D:1: 1803 daAuts
     D:4: 1795 daAuts
     D:5: 1710 daAuts
     D:3: 1288 daAuts
     D:6: 765 daAuts
     D:8: 93 daAuts
